transisters got their butt slapped? not by me

Match 21449650
End
Construct Section Command Post
Selects Heavy Armor Battlegroup
Selects Heavy Armor Battlegroup
Infantry Section
Dingo Light Scout Car
Infantry Section
Infantry Section
Grenade Package
Construct Platoon Command Post
Humber Armored Car
Selects Engineer Detachments
Royal Engineer Section
6-pounder Anti-tank Gun Team
Unlock Bishop Self-propelled Artillery
Infantry Training
Construct Company Command Post
Selects Crusader AA Medium Tank
Bishop Self-propelled Artillery
Bishop Self-propelled Artillery
Bishop Self-propelled Artillery
Bishop Self-propelled Artillery
Royal Engineer Section
Royal Engineer Section
Selects Churchill Black Prince Heavy Tank
Churchill Black Prince Heavy Tank
ChaBoi
Adult Asthma Is A Choice
First Trans Champ
Kriegshase
ValiantHawk
Ol' Wheeler
Miudai
Depthz
0
0

Comments sign in to comment!

No comments posted yet!